 Dungeon Crawl Stone Soup version 0.24.1-14-gf8d2b509d9 (webtiles) character file.

Game seed: 15322497414806965086, levelgen mode: deterministic

2749 Chiseanne the Thaumaturge (level 9, -3/66 HPs)
             Began as a Gnoll Wanderer on May 25, 2020.
             Killed from afar by a gargoyle (7 damage)
             ... with a stone arrow
             ... on level 7 of the Dungeon.
             The game lasted 00:20:36 (8001 turns).

Chiseanne the Thaumaturge (Gnoll Wanderer)          Turns: 8001, Time: 00:20:37

Health: -3/66      AC: 14    Str: 13    XL:     9   Next: 68%
Magic:  26/26      EV: 10    Int: 21    God:
Gold:   358        SH:  0    Dex: 13    Spells: 26/35 levels left

rFire    . . .     SeeInvis .   a - +3 trident (venom)
rCold    . . .     Gourm    .   (no shield)
rNeg     + . .     Faith    .   q - +0 pearl dragon scales (curse)
rPois    +         Spirit   .   s - +1 helmet
rElec    .         Reflect  .   (no cloak)
rCorr    .         Harm     .   (no gloves)
MR       +....                  (no boots)
Stlth    +.........             (no amulet)
HPRegen  0.21/turn              p - ring of protection from magic
MPRegen  0.20/turn              x - ring of poison resistance

@: no status effects
A: distributed training, fangs 1, strong nose
a: no special abilities


You were on level 7 of the Dungeon.
You were not hungry.

You visited 1 branch of the dungeon, and saw 8 of its levels.
You also visited: Ossuary.

You collected 358 gold pieces.

Inventory:

Hand Weapons
 a - a +3 trident of venom (weapon)
 w - a +4 hand crossbow
Missiles
 b - 41 sling bullets
 d - 15 poisoned darts (quivered)
 e - 2 throwing nets
 j - 3 silver boomerangs
 n - 89 bolts
 u - 21 arrows
Armour
 c - a +0 robe
 k - a +1 scale mail of fire resistance
 q - cursed +0 pearl dragon scales (worn)
 s - a +1 helmet (worn)
 v - a +0 buckler
Jewellery
 o - an uncursed ring of fire
 p - a ring of protection from magic (left hand)
 x - a ring of poison resistance (right hand)
Scrolls
 l - 3 scrolls of teleportation
 t - 2 scrolls of identify
Potions
 g - 2 potions of flight
 h - 2 potions of lignification
 m - 8 potions of curing
 r - 2 potions of might
Comestibles
 f - 10 rations


   Skills:
 + Level 4.4 Fighting
 + Level 4.4 Short Blades
 + Level 4.4 Long Blades
 + Level 4.4 Axes
 + Level 4.4 Maces & Flails
 + Level 4.4 Polearms
 + Level 4.4 Staves
 + Level 4.4 Slings
 + Level 4.4 Bows
 + Level 4.4 Crossbows
 + Level 5.2 Throwing
 + Level 4.4 Armour
 + Level 4.4 Dodging
 + Level 4.4 Stealth
 + Level 4.4 Shields
 + Level 4.4 Unarmed Combat
 + Level 13.5 Spellcasting
 + Level 3.6 Conjurations
 + Level 3.6 Hexes
 + Level 3.6 Charms
 + Level 3.6 Summonings
 + Level 3.6 Necromancy
 + Level 3.6 Translocations
 + Level 3.6 Transmutations
 + Level 3.6 Fire Magic
 + Level 3.6 Ice Magic
 + Level 4.2 Air Magic
 + Level 4.2 Earth Magic
 + Level 3.6 Poison Magic
 + Level 4.8 Invocations
 + Level 5.2 Evocations


You had 26 spell levels left.
You knew the following spells:

 Your Spells              Type           Power        Failure   Level  Hunger
a - Magic Dart            Conj           ####         6%          1    None
b - Blink                 Tloc           N/A          9%          2    None
c - Conjure Flame         Conj/Fire      ####....     17%         3    None
d - Mephitic Cloud        Conj/Pois/Air  ####....     16%         3    None

Your spell library contained the following spells:

 Spells                   Type           Power        Failure   Level  Hunger
 Animate Skeleton         Necr           N/A          6%          1    None
 Beastly Appendage        Tmut           ####..       6%          1    None
 Pain                     Necr           ####         6%          1    None
 Call Imp                 Summ           ####....     9%          2    None
 Slow                     Hex            ####....     9%          2    None
 Sticks to Snakes         Tmut           ####....     9%          2    None
 Regeneration             Chrm/Necr      ####......   17%         3    None
 Spider Form              Tmut/Pois      ####......   17%         3    None
 Vampiric Draining        Necr           ####......   17%         3    None
 Animate Dead             Necr           N/A          50%         4    None
 Ice Form                 Ice/Tmut       ####....     50%         4    None
 Blade Hands              Tmut           ####......   85%         5    ###....


Dungeon Overview and Level Annotations

Branches:
Dungeon (8/15)            Ossuary (visited)
 Temple: D:4-7         Lair: D:8-11

Altars:
Hepliaklqana

Shops:
D:4 (   D:7 (!

Annotations:
D:5 Menkaure


Innate Abilities, Weirdness & Mutations

Your experience applies equally to all skills.
You have very sharp teeth.
Your uncanny sense of smell can sniff out nearby items.


Message History

The gargoyle barely misses you.
Your pearl dragon scales prevents you from hitting the gargoyle.
The gargoyle hurls a stone arrow at you.
The stone arrow hits you!
* * * LOW HITPOINT WARNING * * *
You hit the gargoyle but do no damage.
The gargoyle hurls a stone arrow at you.
The stone arrow misses you.
You hit the gargoyle. Your bite misses the gargoyle.
The gargoyle is lightly damaged.
The gargoyle hits you with a +0 flail!
* * * LOW HITPOINT WARNING * * *
You hit the gargoyle but do no damage. Your bite misses the gargoyle.
The gargoyle is lightly damaged.
The gargoyle closely misses you.
You hit the gargoyle.
The gargoyle is moderately damaged.
The gargoyle hurls a stone arrow at you.
The stone arrow hits you!
You die...

### ..# ######## #.#
# #......#.## .## .#
#.# #..<#..##.####
#.# #.#..9@#.#......
#)# #.......∩.......
#.###########$#.....
#......>)............
#.....#.####.#####+#.
#.....#.# #.#
#.....#.# #.#
#.....#.# #.#
#.....#.# #.#


You could see a gargoyle.

Vanquished Creatures
  Harold (D:7)
  A sky beast (D:6)
  3 ogres
  2 centaurs
  2 big kobolds (D:8)
  2 bullfrogs
  5 scorpions
  A howler monkey (D:6)
  3 wights (D:7)
  4 crimson imps
  3 bullfrog zombies
  3 human zombies (Ossuary)
  An orc priest (D:6)
  A bullfrog skeleton (D:6)
  A hound (D:4)
  3 jellies
  A centaur skeleton (D:8)
  Ijyb (D:4)
  2 worker ants
  A big kobold zombie (Ossuary)
  2 hound skeletons
  3 mummies
  2 adders
  4 gnolls
  A shadow imp (D:6)
  An adder skeleton (D:4)
  2 adder zombies (Ossuary)
  3 worms
  3 dart slugs
  2 leopard geckos (D:2)
  3 orcs (D:6)
  4 bats
  2 giant cockroaches
  6 goblins
  6 hobgoblins
  3 jackals (D:4)
  17 kobolds
  A quokka (D:4)
  2 ball pythons (D:1)
  4 frilled lizards
  10 hobgoblin zombies (Ossuary)
  11 kobold zombies (Ossuary)
  9 orc zombies (Ossuary)
  4 rats
146 creatures vanquished.

Notes
Turn   | Place    | Note
-------+----------+-------------------------------------------
     0 | D:1      | Reached skill level 12 in Spellcasting
     0 | D:1      | Chiseanne the Gnoll Wanderer began the quest for the Orb.
     0 | D:1      | Chiseanne set off with the following items: a +0 dagger, 2
                  | potions of curing, a +0 robe, a ration; and the following
                  | spell memorised: Magic Dart; and the following spells
                  | available to memorise: Blink, Call Imp, Slow, Mephitic
                  | Cloud, Conjure Flame
     0 | D:1      | Reached XP level 1. HP: 13/13 MP: 14/14
   402 | D:1      | Reached XP level 2. HP: 11/19 MP: 15/15
   641 | D:2      | Noticed a crimson imp
   695 | D:1      | HP: 1/20 [leopard gecko (4)]
   700 | D:1      | HP: 1/20 [crimson imp (2)]
  1431 | D:2      | Learned a level 2 spell: Blink
  1448 | D:2      | HP: 1/20 [worm (9)]
  1468 | D:2      | Reached XP level 3. HP: 3/25 MP: 3/17
  2189 | D:2      | Reached skill level 1 in Invocations
  2549 | D:2      | Reached skill level 1 in Fighting
  2549 | D:2      | Reached skill level 1 in Short Blades
  2549 | D:2      | Reached skill level 1 in Long Blades
  2549 | D:2      | Reached skill level 1 in Axes
  2549 | D:2      | Reached skill level 1 in Maces & Flails
  2549 | D:2      | Reached skill level 1 in Polearms
  2549 | D:2      | Reached skill level 1 in Staves
  2549 | D:2      | Reached skill level 1 in Slings
  2549 | D:2      | Reached skill level 1 in Bows
  2549 | D:2      | Reached skill level 1 in Crossbows
  2549 | D:2      | Reached skill level 1 in Armour
  2549 | D:2      | Reached skill level 1 in Dodging
  2549 | D:2      | Reached skill level 1 in Stealth
  2549 | D:2      | Reached skill level 1 in Shields
  2549 | D:2      | Reached skill level 1 in Unarmed Combat
  2697 | D:3      | Reached XP level 4. HP: 30/32 MP: 18/18
  2722 | D:3      | Reached skill level 13 in Spellcasting
  2738 | D:4      | Found Kemnyibbo's Antique Weapon Emporium.
  2913 | D:4      | Reached skill level 1 in Conjurations
  2913 | D:4      | Reached skill level 1 in Hexes
  2913 | D:4      | Reached skill level 1 in Charms
  2913 | D:4      | Reached skill level 1 in Summonings
  2913 | D:4      | Reached skill level 1 in Necromancy
  2913 | D:4      | Reached skill level 1 in Translocations
  2913 | D:4      | Reached skill level 1 in Transmutations
  2913 | D:4      | Reached skill level 1 in Fire Magic
  2913 | D:4      | Reached skill level 1 in Ice Magic
  2913 | D:4      | Reached skill level 1 in Poison Magic
  2987 | D:4      | Noticed Ijyb
  3003 | D:4      | Killed Ijyb
  3003 | D:4      | Reached XP level 5. HP: 36/37 MP: 20/20
  3072 | D:4      | Found a sand-covered staircase.
  3105 | Ossuary  | Entered an ossuary
  3241 | Ossuary  | Learned a level 3 spell: Mephitic Cloud
  3245 | Ossuary  | Learned a level 3 spell: Conjure Flame
  3971 | Ossuary  | Reached XP level 6. HP: 42/44 MP: 9/22
  4976 | D:5      | Entered Level 5 of the Dungeon
  4990 | D:5      | Noticed Menkaure
  5337 | D:5      | Reached XP level 7. HP: 36/50 MP: 23/23
  6059 | D:6      | Reached XP level 8. HP: 12/57 MP: 25/25
  6773 | D:7      | Found Wiuqugh's Distillery.
  7493 | D:8      | Reached XP level 9. HP: 52/65 MP: 26/26
  7536 | D:8      | Found a hazy altar of Hepliaklqana.
  7657 | D:7      | Noticed Harold
  7658 | D:7      | Found Depram's Weapon Boutique.
  7694 | D:7      | Killed Harold
  7694 | D:7      | Reached skill level 5 in Throwing
  7694 | D:7      | Reached skill level 5 in Evocations
  7987 | D:7      | Noticed a gargoyle
  7999 | D:7      | HP: 3/66 [gargoyle/+0 flail (11)]
  8001 | D:7      | Killed from afar by a gargoyle

Levels and vault maps discovered:
D:1:      minmay_arrival_plants_in_alcoves, layout_loops_ring,
          solitary_fountain, minivault_25
D:2:      layout_basic, minitemple
D:3:      layout_rooms, kennysheep_nondescript
D:4:      layout_loops_ring, serial_shops, nicolae_shop_trees,
          gup_ossuary_entry_pyramid, chequers_serial_rivers_marsh, uniq_ijyb
D:5:      layout_rooms, first_ration, chequers_serial_rivers_room_a,
          kennysheep_pointless_box, minmay_misc_feat_four_crosses, uniq_menkaure
D:6:      layout_loops_ring, bh_walls_and_bars
D:7:      layout_basic, minmay_temple_entry_butterflies, serial_shops, shop,
          nicolae_shop_crystal, nicolae_shop_behind_doors,
          chequers_serial_rivers_micro_c, small_statue_intersection,
          sigmund_edmund_badplayer, uniq_harold
D:8:      layout_layer_cave, lemuel_coloured_pillars_altar,
          gammafunk_ghost_hydra_chop

Skill      XL: |  1  2  3  4  5  6  7  8  9 |
---------------+----------------------------+-----
Spellcasting   | 13 | 13.5
Air Magic      | 2 3 4 |  4.2
Earth Magic    | 2 3 4 |  4.2
Invocations    | 1 2 3 4 |  4.8
Fighting       | 1 2 3 4 |  4.4
Short Blades   | 1 2 3 4 |  4.4
Long Blades    | 1 2 3 4 |  4.4
Axes           | 1 2 3 4 |  4.4
Maces & Flails | 1 2 3 4 |  4.4
Polearms       | 1 2 3 4 |  4.4
Staves         | 1 2 3 4 |  4.4
Slings         | 1 2 3 4 |  4.4
Bows           | 1 2 3 4 |  4.4
Crossbows      | 1 2 3 4 |  4.4
Armour         | 1 2 3 4 |  4.4
Dodging        | 1 2 3 4 |  4.4
Stealth        | 1 2 3 4 |  4.4
Shields        | 1 2 3 4 |  4.4
Unarmed Combat | 1 2 3 4 |  4.4
Conjurations   | 1 2 3 |  3.6
Hexes          | 1 2 3 |  3.6
Charms         | 1 2 3 |  3.6
Summonings     | 1 2 3 |  3.6
Necromancy     | 1 2 3 |  3.6
Translocations | 1 2 3 |  3.6
Transmutations | 1 2 3 |  3.6
Fire Magic     | 1 2 3 |  3.6
Ice Magic      | 1 2 3 |  3.6
Poison Magic   | 1 2 3 |  3.6
Throwing       | 3 4 5 |  5.2
Evocations     | 3 4 5 |  5.2

Action                   |  1- 3 |  4- 6 |  7- 9 || total
-------------------------+-------+-------+-------++-------
Melee: Dagger            |    63 |       |       ||    63
       Bite              |     6 |     8 |    28 ||    42
       Rapier            |    10 |       |       ||    10
       Short sword       |       |   117 |       ||   117
       Trident           |       |     3 |   255 ||   258
       Punch             |       |     2 |     7 ||     9
Throw: Dart              |       |       |     5 ||     5
 Cast: Magic Dart        |   100 |   160 |     1 ||   261
       Blink             |       |     7 |       ||     7
Evoke: Wand              |       |       |     5 ||     5
  Use: Scroll            |     5 |     8 |     5 ||    18
       Potion            |     2 |       |     3 ||     5
 Stab: Sleeping          |       |     2 |       ||     2
  Eat: Chunk             |     4 |     5 |    10 ||    19
       Ration            |       |     1 |       ||     1
Armor: Robe              |    31 |    14 |       ||    45
       Pearl dragon scal |       |    22 |   197 ||   219
Dodge: Dodged            |    70 |    73 |   180 ||   323
